A+ - U26
RANCHO CUCAMONGA RATTLERS @ MODESTO NUTS
04/30/2053
 
TOP OF THE 1ST
Stockton Ports batting - Pitching for High Desert Mavericks : LHP Cody Middleton
Pitching: LHP Cody Middleton
Now in LF: J.F. Brown
Batting: RHB T.J. Nieves 0-0: Called Strike
0-1: Foul Ball, location: 2F
0-2: Fly out, F8 (Line Drive, 8RM, EV 107.5 MPH)
Batting: RHB Ruben Hamilton 0-0: Foul Ball, location: 2F
0-1: Ball
1-1: Ball
2-1: DOUBLE (Flyball, 7LD, EV 96.2 MPH)
Batting: LHB Will Hendrix 0-0: Called Strike
0-1: Foul Ball, location: 2F
0-2: Foul Ball, location: 2F
0-2: Ball
1-2: Ball
2-2: Fly out, F8 (Flyball, 89M, EV 91.9 MPH)
Batting: LHB Wilfri Morillo 0-0: Called Strike
0-1: Ball
1-1: Fly out, F7 (Flyball, 78D, EV 85.6 MPH)
Top of the 1st over - 0 runs, 1 hit, 0 errors, 1 left on base; Stockton 0 - High Desert 0
BOTTOM OF THE 1ST
High Desert Mavericks batting - Pitching for Stockton Ports : RHP Ethan Roberts
Pitching: RHP Ethan Roberts
Batting: LHB P.J. Rodgers 0-0: Swinging Strike
0-1: Ball
1-1: SINGLE (Groundball, 6S, EV 73.8 MPH) (infield hit)
Batting: SHB Terry Word 0-0: Foul Ball, location: 2F
0-1: Called Strike
0-2: Ball
1-2: Foul Ball, location: 2F
1-2: Foul Ball, location: 2F
1-2: Ball
2-2: Foul Ball, location: 2F
2-2: Foul Ball, location: 2F
2-2: Foul Ball, location: 2F
2-2: Strikes out swinging
Batting: RHB Alexis Prieto 0-0: Fly out, F8 (Flyball, 8RXD, EV 105.6 MPH)
Runner from 1st tags up, SAFE at 2nd
Batting: LHB J.F. Brown 0-0: Ground out U3 (Groundball, 34S, EV 86.2 MPH)
Bottom of the 1st over - 0 runs, 1 hit, 0 errors, 1 left on base; Stockton 0 - High Desert 0
TOP OF THE 2ND
Stockton Ports batting - Pitching for High Desert Mavericks : LHP Cody Middleton
Batting: RHB Mitch Szarek 0-0: Ball
1-0: Ground out 6-3 (Groundball, 6S, EV 83.8 MPH)
Batting: RHB Ramón Herrera 0-0: Called Strike
0-1: Ball
1-1: Fly out, F2 (Popup, 2LF, EV 89.4 MPH)
Batting: RHB D.J. Escobar 0-0: Called Strike
0-1: Called Strike
0-2: Strikes out swinging
Top of the 2nd over - 0 runs, 0 hits, 0 errors, 0 left on base; Stockton 0 - High Desert 0
BOTTOM OF THE 2ND
High Desert Mavericks batting - Pitching for Stockton Ports : RHP Ethan Roberts
Batting: RHB Martim De Los Santos 0-0: Ball
1-0: Ball
2-0: Ball
3-0: Base on Balls
Batting: SHB Carlton De Stefano 0-0: Called Strike
0-1: Ball
1-1: Foul Ball, location: 2F
1-2: Strikes out swinging
Batting: RHB Gunner Jung 0-0: Ball
1-0: Ball
2-0: Called Strike
2-1: SINGLE (Groundball, 34S, EV 66.9 MPH) (infield hit)
Martim De Los Santos to second
Batting: RHB Kris DiGiovanni 0-0: Ball
1-0: Called Strike
1-1: Foul Ball, location: 2F
1-2: Ball
2-2: Ball
3-2: Fielders Choice at 2nd, 5-4 (Groundball, 5S, EV 80.0 MPH)
Martim De Los Santos to third
Batting: RHB Dan Vasques 0-0: Ball
1-0: Called Strike
1-1: Ball
2-1: Foul Ball, location: 2F
2-2: Strikes out swinging
Bottom of the 2nd over - 0 runs, 1 hit, 0 errors, 2 left on base; Stockton 0 - High Desert 0
TOP OF THE 3RD
Stockton Ports batting - Pitching for High Desert Mavericks : LHP Cody Middleton
Batting: RHB Wilbert Plaza 0-0: Called Strike
0-1: Foul Ball, location: 2F
0-2: Strikes out swinging
Batting: SHB Henry Ceron 0-0: Called Strike
0-1: Swinging Strike
0-2: Ball
1-2: Strikes out looking
Batting: RHB T.J. Nieves 0-0: DOUBLE (Groundball, 5L, EV 103.1 MPH)
Batting: RHB Ruben Hamilton 0-0: Ball
1-0: Ground out 5-3 (Groundball, 56, EV 107.5 MPH)
Top of the 3rd over - 0 runs, 1 hit, 0 errors, 1 left on base; Stockton 0 - High Desert 0
BOTTOM OF THE 3RD
High Desert Mavericks batting - Pitching for Stockton Ports : RHP Ethan Roberts
Batting: LHB P.J. Rodgers 0-0: Called Strike
0-1: Fly out, F7 (Flyball, 78S, EV 84.4 MPH)
Batting: SHB Terry Word 0-0: Swinging Strike
0-1: Swinging Strike
0-2: Strikes out swinging
Batting: RHB Alexis Prieto 0-0: Ball
1-0: Foul Ball, location: 2F
1-1: Ball
2-1: Swinging Strike
2-2: Fly out, F8 (Flyball, 8LXD, EV 89.4 MPH)
Bottom of the 3rd over - 0 runs, 0 hits, 0 errors, 0 left on base; Stockton 0 - High Desert 0
TOP OF THE 4TH
Stockton Ports batting - Pitching for High Desert Mavericks : LHP Cody Middleton
Batting: LHB Will Hendrix 0-0: Swinging Strike
0-1: Ball
1-1: Ball
2-1: Ball
3-1: Swinging Strike
3-2: Base on Balls
Batting: LHB Wilfri Morillo 0-0: Called Strike
0-1: Ball
1-1: Foul Ball, location: 2F
1-2: Ball
2-2: Ball
3-2: Strikes out looking
Batting: RHB Mitch Szarek 0-0: Called Strike
0-1: Swinging Strike
0-2: Ball
1-2: SINGLE (Groundball, 4MD, EV 97.5 MPH)
Will Hendrix to second
Batting: RHB Ramón Herrera 0-0: SINGLE (Line Drive, 78S, EV 96.2 MPH)
Will Hendrix to third
Mitch Szarek to second
Batting: RHB D.J. Escobar 0-0: Called Strike
0-1: Ball
1-1: Grounds into fielders choice 1-2 (Groundball, 15S, EV 67.5 MPH)
Mitch Szarek to third
Ramón Herrera to second
Batting: RHB Wilbert Plaza 0-0: Foul Ball, location: 2F
0-1: Ball
1-1: SINGLE (Groundball, 34D, EV 98.1 MPH)
Mitch Szarek scores
Ramón Herrera to third
D.J. Escobar to second
Batting: SHB Henry Ceron 0-0: Ball
1-0: Swinging Strike
1-1: Foul Ball, location: 2F
1-2: Ball
2-2: Strikes out swinging
Top of the 4th over - 1 run, 3 hits, 0 errors, 3 left on base; Stockton 1 - High Desert 0
BOTTOM OF THE 4TH
High Desert Mavericks batting - Pitching for Stockton Ports : RHP Ethan Roberts
Batting: LHB J.F. Brown 0-0: Ball
1-0: Foul Ball, location: 2F
1-1: Ball
2-1: Ball
3-1: Fly out, F7 (Flyball, 7LS, EV 84.4 MPH)
Batting: RHB Martim De Los Santos 0-0: Ball
1-0: Ball
2-0: Ball
3-0: Called Strike
3-1: Foul Ball, location: 2F
3-2: Fly out, F8 (Flyball, 8LM, EV 72.5 MPH)
Batting: SHB Carlton De Stefano 0-0: DOUBLE (Line Drive, 9LS, EV 100.6 MPH)
Batting: RHB Gunner Jung 0-0: Called Strike
0-1: Ball
1-1: Ball
2-1: Called Strike
2-2: Ball
3-2: Foul Ball, location: 2F
3-2: Strikes out swinging
Bottom of the 4th over - 0 runs, 1 hit, 0 errors, 1 left on base; Stockton 1 - High Desert 0
TOP OF THE 5TH
Stockton Ports batting - Pitching for High Desert Mavericks : LHP Cody Middleton
Batting: RHB T.J. Nieves 0-0: Called Strike
0-1: Foul Ball, location: 2F
0-2: Foul Ball, location: 2F
0-2: Ball
1-2: Ball
2-2: Foul Ball, location: 2F
2-2: Ball
3-2: Ground out U3 (Groundball, 34, EV 85.6 MPH)
Batting: RHB Ruben Hamilton 0-0: SOLO HOME RUN (Flyball, 9D, EV 95.6 MPH), Distance : 342 ft
Batting: LHB Will Hendrix 0-0: Ball
1-0: Fly out, F8 (Flyball, 89M, EV 93.1 MPH)
Batting: LHB Wilfri Morillo 0-0: Called Strike
0-1: Fly out, F8 (Flyball, 8LS, EV 86.9 MPH)
Top of the 5th over - 1 run, 1 hit, 0 errors, 0 left on base; Stockton 2 - High Desert 0
BOTTOM OF THE 5TH
High Desert Mavericks batting - Pitching for Stockton Ports : RHP Ethan Roberts
Batting: RHB Kris DiGiovanni 0-0: Foul Ball, location: 2F
0-1: Ball
1-1: Swinging Strike
1-2: Fly out, F8 (Flyball, 8RD, EV 105.6 MPH)
Batting: RHB Dan Vasques 0-0: Called Strike
0-1: SINGLE (Line Drive, 89M, EV 98.1 MPH)
Batting: LHB P.J. Rodgers 0-0: Swinging Strike
0-1: Ball
1-1: Ball
2-1: Foul Ball, location: 2F
2-2: Foul Ball, location: 2F
2-2: Fielders Choice at 2nd, 4-6 (Groundball, 4M, EV 85.6 MPH)
Batting: SHB Terry Word 0-0: Called Strike
0-1: Ball
P.J. Rodgers steals 2nd base
1-1: SINGLE (Line Drive, 7S, EV 103.1 MPH)
P.J. Rodgers to third
Batting: RHB Alexis Prieto 0-0: Ball
1-0: Swinging Strike
1-1: Called Strike
1-2: Ball
2-2: DOUBLE (Line Drive, 89XD, EV 111.2 MPH)
P.J. Rodgers scores
Terry Word to third
Batting: LHB J.F. Brown 0-0: Called Strike
0-1: Ball
1-1: Ball
2-1: Ball
3-1: Foul Ball, location: 2F
3-2: Foul Ball, location: 2F
3-2: Strikes out swinging
Bottom of the 5th over - 1 run, 3 hits, 0 errors, 2 left on base; Stockton 2 - High Desert 1
TOP OF THE 6TH
Stockton Ports batting - Pitching for High Desert Mavericks : LHP Cody Middleton
Batting: RHB Mitch Szarek 0-0: Ball
1-0: Foul Ball, location: 2F
1-1: Ground out U3 (Groundball, 34, EV 93.1 MPH)
Batting: RHB Ramón Herrera 0-0: Ball
1-0: Ball
2-0: Foul Ball, location: 2F
2-1: Ball
3-1: Fly out, F8 (Flyball, 8LS, EV 88.1 MPH)
Batting: RHB D.J. Escobar 0-0: SINGLE (Line Drive, 34D, EV 99.4 MPH)
Batting: RHB Wilbert Plaza 0-0: Called Strike
0-1: Fielders Choice at 2nd, 6-4 (Groundball, 6, EV 88.1 MPH)
Top of the 6th over - 0 runs, 1 hit, 0 errors, 1 left on base; Stockton 2 - High Desert 1
BOTTOM OF THE 6TH
High Desert Mavericks batting - Pitching for Stockton Ports : RHP Ethan Roberts
Batting: RHB Martim De Los Santos 0-0: Called Strike
0-1: SINGLE (Line Drive, 3D, EV 100.6 MPH)
Batting: SHB Carlton De Stefano 0-0: Ball
1-0: Ball
2-0: Foul Ball, location: 2F
2-1: Foul Ball, location: 2F
2-2: Ball
3-2: Foul Ball, location: 2F
3-2: DOUBLE (Flyball, 8LXD, EV 110.6 MPH)
Martim De Los Santos to third
Batting: RHB Gunner Jung 0-0: Ball
1-0: Foul Ball, location: 2F
1-1: Ball
2-1: Foul Ball, location: 2F
2-2: Ground out 4-3 (Groundball, 4, EV 89.4 MPH)
Martim De Los Santos scores
Carlton De Stefano to third
Pitching: RHP David Garcia
Batting: RHB Kris DiGiovanni 0-0: DOUBLE (Flyball, 9LD, EV 100.6 MPH)
Carlton De Stefano scores
Batting: RHB Dan Vasques 0-0: Ground out 3-1 (Groundball, 34S, EV 81.2 MPH)
Kris DiGiovanni to third
Batting: LHB P.J. Rodgers 0-0: Called Strike
0-1: Foul Ball, location: 2F
0-2: Ball
1-2: Strikes out swinging
Bottom of the 6th over - 2 runs, 3 hits, 0 errors, 1 left on base; Stockton 2 - High Desert 3
TOP OF THE 7TH
Stockton Ports batting - Pitching for High Desert Mavericks : LHP Cody Middleton
Pinch Hitting: LHB Cody Patterson 0-0: Called Strike
0-1: Ball
1-1: Ground out 6-3 (Groundball, 6, EV 78.1 MPH)
Pitching: LHP Christian Stephens
Batting: RHB T.J. Nieves 0-0: Foul Ball, location: 2F
0-1: Ball
1-1: Ball
2-1: Ground out 4-3 (Groundball, 4, EV 101.9 MPH)
Batting: RHB Ruben Hamilton 0-0: Foul Ball, location: 2F
0-1: Swinging Strike
0-2: Ball
1-2: Ball
2-2: Ball
3-2: Base on Balls
Pinch Hitting: RHB Chip Hunt 0-0: Called Strike
0-1: Called Strike
0-2: Foul Ball, location: 2F
0-2: Ball
1-2: Ball
2-2: Foul Ball, location: 2F
2-2: Foul Ball, location: 2F
2-2: Ball
3-2: SINGLE (Groundball, 34D, EV 97.5 MPH)
Ruben Hamilton to second
Ruben Hamilton to third
Batting: LHB Wilfri Morillo 0-0: Foul Ball, location: 2F
0-1: Foul Ball, location: 2F
0-2: Strikes out swinging
Top of the 7th over - 0 runs, 1 hit, 0 errors, 2 left on base; Stockton 2 - High Desert 3
BOTTOM OF THE 7TH
High Desert Mavericks batting - Pitching for Stockton Ports : RHP David Garcia
Now at SS: Luke Jones
Now in LF: Cody Patterson
Batting: SHB Terry Word 0-0: Foul Ball, location: 2F
0-1: Ground out 4-3 (Groundball, 4D, EV 101.9 MPH)
Batting: RHB Alexis Prieto 0-0: Fly out, F9 (Flyball, 9D, EV 88.1 MPH)
Batting: LHB J.F. Brown 0-0: Foul Ball, location: 2F
0-1: Foul Ball, location: 2F
0-2: SINGLE (Line Drive, 34, EV 108.1 MPH)
Batting: RHB Martim De Los Santos 0-0: Ball
1-0: Called Strike
1-1: Foul Ball, location: 2F
1-2: Ground out 3-1 (Groundball, 34S, EV 83.1 MPH)
Bottom of the 7th over - 0 runs, 1 hit, 0 errors, 1 left on base; Stockton 2 - High Desert 3
TOP OF THE 8TH
Stockton Ports batting - Pitching for High Desert Mavericks : LHP Christian Stephens
Batting: RHB Mitch Szarek 0-0: Called Strike
0-1: Foul Ball, location: 2F
0-2: Ball
1-2: Strikes out swinging
Batting: RHB Ramón Herrera 0-0: Ball
1-0: Ball
2-0: Called Strike
2-1: Called Strike
2-2: Fly out, F5 (Popup, 5, EV 68.1 MPH)
Pitching: RHP Miguel Feliz
Batting: RHB D.J. Escobar 0-0: Called Strike
0-1: Foul Ball, location: 2F
0-2: Ball
1-2: Ball
2-2: Ground out 5-3 (Groundball, 5L, EV 81.9 MPH)
Top of the 8th over - 0 runs, 0 hits, 0 errors, 0 left on base; Stockton 2 - High Desert 3
BOTTOM OF THE 8TH
High Desert Mavericks batting - Pitching for Stockton Ports : RHP David Garcia
Batting: SHB Carlton De Stefano 0-0: Ball
1-0: Swinging Strike
1-1: Foul Ball, location: 2F
1-2: Ball
2-2: Fly out, F7 (Flyball, 78S, EV 86.9 MPH)
Batting: RHB Gunner Jung 0-0: Ball
1-0: Called Strike
1-1: Swinging Strike
1-2: Strikes out swinging
Batting: RHB Kris DiGiovanni 0-0: Foul Ball, location: 2F
0-1: Ball
1-1: Ball
2-1: Foul Ball, location: 2F
2-2: Fly out, F8 (Flyball, 8LS, EV 79.4 MPH)
Bottom of the 8th over - 0 runs, 0 hits, 0 errors, 0 left on base; Stockton 2 - High Desert 3
TOP OF THE 9TH
Stockton Ports batting - Pitching for High Desert Mavericks : RHP Miguel Feliz
Batting: RHB Wilbert Plaza 0-0: Ball
1-0: SINGLE (Line Drive, 89D, EV 98.1 MPH)
Pitching: LHP Yueyson Santana
Batting: LHB Cody Patterson 0-0: Ball
1-0: Called Strike
1-1: Ball
2-1: Ball
3-1: Base on Balls
Wilbert Plaza to second
Pitching: LHP Sam Johnston
Batting: RHB T.J. Nieves 0-0: Fielders Choice at 2nd, 5-4 (Groundball, 15, EV 86.2 MPH)
Wilbert Plaza to third
Batting: RHB Ruben Hamilton 0-0: Ball
1-0: Ball
2-0: Ball
3-0: Called Strike
3-1: Called Strike
3-2: Fly out, F9 (Line Drive, 9, EV 87.5 MPH)
Runner from 3rd tags up, OUT at HOME! 9-2
Top of the 9th over - 0 runs, 1 hit, 0 errors, 1 left on base; Stockton 2 - High Desert 3
Thursday, May 23rd , 2024 - OOTP Baseball 25.4 Build 64